 Dungeon Sprint DCSS version 0.31-a0-841-g038b102fc3 (webtiles) character file.

Game seed: 13606862939743001047

10704 sircluck the Brawler (level 11, -6/131 HPs)
             Began as a Troll Berserker on Sept 27, 2023.
             Was the Champion of Trog.
             Mangled by a two-headed ogre
             ... wielding a +0 giant club
              (17 damage)
             ... in the Dungeon (Sprint VII: "The Pits").
             The game lasted 00:03:16 (1224 turns).

sircluck the Brawler (Troll Berserker)              Turns: 1224, Time: 00:03:17

Health: -6/131     AC:  7    Str: 34    XL:     11   Next: 39%
Magic:  10/10      EV: 14    Int:  6    God:    Trog [******]
Gold:   0          SH:  0    Dex:  9    Spells: 10/10 levels left

rFire   . .          .
                       - Unarmed
rCold   . . .        (no shield)
rNeg    . . .        k - +2 robe
rPois   .            (helmet restricted)
rElec   .            p - +0 cloak
rCorr   .            (gloves unavailable)
SInv    .            (boots unavailable)
Will    .....        (no amulet)
Stlth   +            l - +3 ring of intelligence
HPRegen 1.21/turn    m - +3 ring of strength
MPRegen 0.12/turn

%: no teleportation
@: on berserk cooldown, slowed, very slow
A: large, unfitting armour, claws 3, regeneration 1, shaggy fur 1, tough skin 1
a: Renounce Religion, Berserk, Trog's Hand, Brothers in Arms


You were in the Dungeon.
You worshipped Trog.
Trog was exalted by your worship.
You visited 1 branch

Inventory:

Missiles
 q - 7 silver javelins (quivered)
Armour
 a - a +0 animal skin
 k - a +2 robe (worn)
 p - a +0 cloak (worn)
Jewellery
 l - a +3 ring of intelligence (left claw)
 m - a +3 ring of strength (right claw)
Scrolls
 i - 2 scrolls of vulnerability
 j - a scroll of butterflies
Potions
 b - 7 potions of curing
 c - 8 potions of heal wounds
 d - a potion of haste
 e - 4 potions of magic
 f - 3 potions of berserk rage
 h - 2 potions of invisibility
 n - a potion of might
 o - a potion of resistance


   Skills:
 + Level 14.3 Fighting
 + Level 14.2 Dodging
 + Level 16.6 Unarmed Combat


You had 10 spell levels left.
You didn't know any spells.
Your spell library was empty.

Dungeon Overview and Level Annotations

Branches:
Dungeon (1/1)

Altars:
Ashenzari
Cheibriados
Dithmenos
Elyvilon
Fedhas
Gozag
Hepliaklqana
Kikubaaqudgha
Makhleb
Nemelex Xobeh
Okawaru
Qazlal
Ru
Sif Muna
Trog
Uskayaw
Vehumet
Wu Jian
Xom
Yredelemnul
Zin
The Shining One
Jiyva
Lugonu


Innate Abilities, Weirdness & Mutations

You are too large for most types of armour.
You have claws for hands.
Your natural rate of healing is unusually fast.
You are covered in fur. (AC +1)
You have tough skin. (AC +1)


Message History

You eviscerate something!!! Trog accepts your kill.
Trog appreciates your killing of a magic user.
Trog grants you a weapon! Something appears at your feet!
You see here a +3 halberd of flaming.
Reactivating autopickup.
You feel a bit more experienced.
Unknown command.
Unknown command.
You scratch the two-headed ogre.
The two-headed ogre is lightly wounded.
The two-headed ogre hits you with a +0 giant club! x2
* * * LOW HITPOINT WARNING * * *
Unknown command.
You feel much better.
The two-headed ogre barely misses you. x2
The two-headed ogre closely misses you. x2
Unknown command.
Unknown command.
You eviscerate the two-headed ogre!!!
The two-headed ogre is severely wounded.
The two-headed ogre barely misses you. The two-headed ogre misses you.
You barely miss the two-headed ogre.
The two-headed ogre is severely wounded.
The two-headed ogre misses you. The two-headed ogre closely misses you.
The two-headed ogre hits you with a +0 giant club.
The two-headed ogre misses you.
The two-headed ogre barely misses you. x2
Unknown command.
Unknown command.
Unknown command.
You mangle the two-headed ogre!!
You kill the two-headed ogre!
Trog accepts your kill.
The two-headed ogre hits you with a +0 giant club!!
* * * LOW HITPOINT WARNING * * *
The two-headed ogre hits you with a +0 giant spiked club.
* * * LOW HITPOINT WARNING * * *
The two-headed ogre hits you with a +0 giant club!
* * * LOW HITPOINT WARNING * * *
The two-headed ogre hits you with a +0 giant club!
You die...

........+ .#......#
........# #''######
#''# ##### ########
#..###...###..'...#
#...##...##..##...#
##...##)##†.###..)+
##)...).....##)@O#..##
##..###'###)..##O##...#
#..##.)...##..#.E.#...#
#..+.......+..+...'...+
#..##.....##..#...#...#
##..###+###...##)##...#
##..........##)))#O.#
##...##)##..###...)O##
#...##.†)##..##...###


You could see 2 two-headed ogres and an earth elemental.

Vanquished Creatures
  An ogre mage (D)
  A death yak (D)
  3 two-headed ogres (D)
  Urug (D)
  A demonic crawler (D)
  2 flayed ghosts (D)
  Pikel (D)
  A deep elf pyromancer (D)
  An elephant (D)
  A smoke demon (D)
  A gargoyle (D)
  2 cane toads (D)
  Psyche (D)
  An unseen horror (D)
  A kobold demonologist (D)
  A freezing wraith (D)
  4 blink frogs (D)
  A spriggan (D)
  A wraith (D)
  A fire bat (D)
  4 vampire mosquitoes (D)
  A basilisk (D)
  An ice beast (D)
  A small abomination (D)
  2 centaurs (D)
  3 lemures (D)
  A kobold brigand (D)
  2 scorpions (D)
  A necrophage (D)
  4 killer bees (D)
  A quasit (D)
  5 orc priests (D)
  2 orc wizards (D)
  2 gnolls (D)
  An adder (D)
  A river rat (D)
  A white imp (D)
  An ufetubus (D)
  A worm (D)
  5 orcs (D)
  2 ball pythons (D)
  A ball python skeleton (D)
70 creatures vanquished.

Notes
Turn   | Place    | Note
-------+----------+-------------------------------------------
     0 | D        | sircluck the Troll Berserker began the quest for the Orb.
     0 | D        | Reached XP level 1. HP: 22/22 MP: 0/0
    17 | D        | Noticed a flayed ghost
    17 | D        | Noticed a cane toad
    23 | D        | Reached XP level 2. HP: 31/31 MP: 1/1
    26 | D        | Killed a cane toad
    27 | D        | Reached skill level 7 in Unarmed Combat
    27 | D        | Reached XP level 3. HP: 34/45 MP: 2/2
    27 | D        | Reached XP level 4. HP: 41/53 MP: 3/3
    27 | D        | Reached XP level 5. HP: 47/61 MP: 4/4
    27 | D        | Reached XP level 6. HP: 53/68 MP: 5/5
    32 | D        | Killed a flayed ghost
    32 | D        | Reached ** piety under Trog
    33 | D        | Reached skill level 10 in Unarmed Combat
    33 | D        | Reached XP level 7. HP: 76/81 MP: 6/6
    68 | D        | Noticed a cane toad
    74 | D        | Killed a cane toad
    75 | D        | Reached XP level 8. HP: 19/92 MP: 7/7
   291 | D        | Found a bloodstained altar of Trog.
   291 | D        | Found a shimmering blue altar of Sif Muna.
   291 | D        | Found a viscous altar of Jiyva.
   291 | D        | Found a hazy altar of Hepliaklqana.
   291 | D        | Found an opulent altar of Gozag.
   292 | D        | Found a glowing golden altar of the Shining One.
   292 | D        | Found a glowing silver altar of Zin.
   292 | D        | Found a basalt altar of Yredelemnul.
   292 | D        | Found a shimmering altar of Xom.
   292 | D        | Found an ornate altar of the Wu Jian Council.
   292 | D        | Found a sacrificial altar of Ru.
   292 | D        | Found a stormy altar of Qazlal.
   292 | D        | Found an iron altar of Okawaru.
   292 | D        | Found a sparkling altar of Nemelex Xobeh.
   292 | D        | Found a burning altar of Makhleb.
   292 | D        | Found a blossoming altar of Fedhas.
   292 | D        | Found a white marble altar of Elyvilon.
   292 | D        | Found a shadowy altar of Dithmenos.
   292 | D        | Found a snail-covered altar of Cheibriados.
   296 | D        | Found a corrupted altar of Lugonu.
   296 | D        | Found a radiant altar of Vehumet.
   297 | D        | Found a broken altar of Ashenzari.
   297 | D        | Found an ancient bone altar of Kikubaaqudgha.
   297 | D        | Found a hide-covered altar of Uskayaw.
   337 | D        | Reached *** piety under Trog
   338 | D        | Reached skill level 11 in Unarmed Combat
   359 | D        | Reached **** piety under Trog
   433 | D        | Noticed Pikel
   443 | D        | Reached ***** piety under Trog
   458 | D        | Received a gift from Trog
   469 | D        | Reached skill level 10 in Fighting
   473 | D        | Killed Pikel
   474 | D        | Reached skill level 10 in Dodging
   474 | D        | Reached skill level 12 in Unarmed Combat
   474 | D        | Reached XP level 9. HP: 38/102 MP: 8/8
   483 | D        | Received a gift from Trog
   649 | D        | Noticed Psyche
   655 | D        | Killed Psyche
   692 | D        | Noticed a flayed ghost
   699 | D        | Killed an unseen horror
   700 | D        | Reached skill level 13 in Unarmed Combat
   704 | D        | Killed a flayed ghost
   704 | D        | Received a gift from Trog
   750 | D        | Found the +16 obsidian axe {drain, demonic, Mesm Drain Fly
                  | SInv}
   858 | D        | Noticed a kobold demonologist
   865 | D        | Killed a kobold demonologist
   866 | D        | Reached XP level 10. HP: 109/115 MP: 9/9
   889 | D        | Noticed a death yak
   895 | D        | Killed a death yak
   896 | D        | Reached skill level 14 in Unarmed Combat
   899 | D        | Received a gift from Trog
   917 | D        | Noticed a gargoyle
   925 | D        | Killed a gargoyle
   926 | D        | Reached ****** piety under Trog
   945 | D        | Noticed a smoke demon
   946 | D        | Noticed Urug
   951 | D        | Killed a smoke demon
   952 | D        | Received a gift from Trog
   954 | D        | Killed Urug
   955 | D        | Reached skill level 15 in Unarmed Combat
  1046 | D        | Noticed a demonic crawler
  1051 | D        | Killed a demonic crawler
  1098 | D        | Noticed an elephant
  1098 | D        | Noticed a deep elf pyromancer
  1105 | D        | Killed an elephant
  1110 | D        | Reached XP level 11. HP: 84/127 MP: 10/10
  1111 | D        | Killed a deep elf pyromancer
  1111 | D        | Received a gift from Trog
  1121 | D        | Reached skill level 16 in Unarmed Combat
  1180 | D        | Received a gift from Trog
  1198 | D        | Noticed an ogre mage
  1198 | D        | Noticed a two-headed ogre
  1198 | D        | Noticed a two-headed ogre
  1198 | D        | Noticed a two-headed ogre
  1198 | D        | Noticed a two-headed ogre
  1198 | D        | Noticed a two-headed ogre
  1206 | D        | Killed a two-headed ogre
  1213 | D        | Killed a two-headed ogre
  1219 | D        | Killed an ogre mage
  1219 | D        | Received a gift from Trog
  1224 | D        | Killed a two-headed ogre
  1224 | D        | Mangled by a two-headed ogre

Illustrated notes

Levels and vault maps discovered:
D:        pitsprint [storerooms_1, entrance_room_1, metal_vault_5, armoury_2,
          mini_pit_1, grid_room_1, main_hall_1, silver_pit, the_coven_3,
          the_vestibule_1, steel_vault_4, golden_pit, hallway_of_sentries,
          crystal_vault_2, iron_vault_2, final_vault]

Skill      XL: |  1  2  3  4  5  6  7  8  9 10 11 |
---------------+----------------------------------+-----
Fighting       | 3 6 8 9 10 11 13 14 | 14.3
Dodging        | 3 6 8 9 10 11 13 14 | 14.2
Unarmed Combat | 7 10 12 13 15 16 | 16.6

Action                     |  1- 3 |  4- 6 |  7- 9 | 10-12 || total
---------------------------+-------+-------+-------+-------++-------
  Melee: Unarmed           |     5 |     6 |   108 |    79 ||   198
         Punch             |       |       |     3 |     8 ||    11
 Invoke: Berserk           |     1 |       |     1 |     2 ||     4
    Use: Potion            |       |       |     1 |     1 ||     2
         Scroll            |       |       |       |     1 ||     1
 Armour: Animal skin       |     1 |     1 |    54 |       ||    56
         Robe              |       |       |    22 |    71 ||    93
  Dodge: Dodged            |     2 |     2 |    54 |    67 ||   125

Table legend: (Time is in decaauts)
 A = Elapsed time spent in this place.
 B = Non-inter-level travel time spent in this place.
 C = Inter-level travel time spent in this place.
 D = Time resting spent in this place.
 E = Time spent auto-exploring this place.
 F = Levels seen in this place.
 G = Mean time per level.
                   A        B        C        D        E       F      G
               +--------+--------+--------+--------+--------+-----+--------+
         Total |   1200 |   1142 |     58 |    546 |    135 |   1 | 1200.0 |
       Dungeon |   1200 |   1142 |     58 |    546 |    135 |   1 | 1200.0 |
               +--------+--------+--------+--------+--------+-----+--------+

Top non-repeatable levels by time:
       D: 1200 daAuts
